 Dungeon Crawl Stone Soup version 0.17-a0-2007-g96ac4c4 (webtiles) character file.

51 Mordenkainen the Skirmisher (level 3, -1/33 HPs)
             Began as a Minotaur Abyssal Knight on Oct 9, 2015.
             Was a Follower of Lugonu.
             Slain by an adder (2 damage)
             ... on level 2 of the Dungeon.
             The game lasted 00:02:49 (788 turns).

Mordenkainen the Skirmisher (MiAK)                   Turns: 788, Time: 00:02:50

Health: -1/33      AC:  3    Str: 17    XL:     3   Next: 58%
Magic:  3/3        EV: 11    Int:  9    God:    Lugonu [*.....]
Gold:   184        SH:  0    Dex:  9    Spells: 0 memorised, 2 levels left

rFire  . . .     SeeInvis +     a - +1 falchion
rCold  . . .     Clarity  .     b - +0 leather armour
rNeg   + . .     SustAt   .     (no shield)
rPois  .         Gourm    .     (helmet restricted)
rElec  .         Spirit   .     (no cloak)
rCorr  .         Warding  +     (no gloves)
rMut   .         Stasis   .     (no boots)
MR     .....                    j - amulet of warding
Stlth  +.........               (no ring)
                                h - ring of see invisible

@: lethally poisoned (-1 -> -6), not resistant to hostile enchantments, very
unstealthy
A: retaliatory headbutt, horns 2
a: Depart the Abyss, Renounce Religion


You were on level 2 of the Dungeon.
You worshipped Lugonu.
Lugonu was aware of your devotion.
You were not hungry.

You visited 1 branch of the dungeon, and saw 2 of its levels.
You visited the Abyss 1 time.

You collected 184 gold pieces.

Inventory:

Hand Weapons
 a - a +1 falchion (weapon)
Armour
 b - a +0 leather armour (worn)
Jewellery
 h - a ring of see invisible (left hand)
 j - an amulet of warding (around neck)
Wands
 e - a wand of cold (6)
Scrolls
 f - a scroll of holy word {unknown}
 l - 2 scrolls of recharging {unknown}
 m - 3 scrolls of identify {unknown}
 n - a scroll of enchant weapon {unknown}
 q - 2 scrolls of enchant armour {unknown}
 r - a scroll of teleportation {unknown}
Potions
 d - a potion of agility {unknown}
 g - a potion of might {unknown}
 i - a potion of curing {unknown}
 k - a potion of heal wounds {unknown}
 t - a potion of resistance {unknown}
 u - a potion of brilliance {unknown}
 v - a potion of haste {unknown}
 w - a potion of degeneration {unknown}
Comestibles
 c - a bread ration
 o - a beef jerky
 p - 2 fruits
 s - a slice of pizza


   Skills:
 * Level 4.3 Fighting
 * Level 3.0 Long Blades
 * Level 2.8 Armour
 * Level 1.9 Dodging
 * Level 2.2 Invocations


You had 2 spell levels left.
You didn't know any spells.

Dungeon Overview and Level Annotations

Branches:
Dungeon (2/15)

Altars:


Innate Abilities, Weirdness & Mutations

You reflexively headbutt those who attack you in melee.
You have a pair of horns on your head.


Message History

You hit the adder but do no damage. Your headbutt misses the adder.
The adder is heavily wounded.
You feel sick. The adder closely misses you.
You barely miss the adder.
The adder is heavily wounded.
The adder bites you.
* * * LOW HITPOINT WARNING * * *
The adder bites you.
* * * LOW HITPOINT WARNING * * *
You hit the adder.
The adder is severely wounded.
You feel sick. The adder bites you.
* * * LOW HITPOINT WARNING * * *
You barely miss the adder.
The adder is severely wounded.
The adder bites you.
* * * LOW HITPOINT WARNING * * *
You are more poisoned.
The adder poisons you! The adder bites you.
You die...

########################
.......................
..#..#..#..#..#$.#..#..#
................@S......
..#..#..#..#..#.†#.(#..#
.......................
########################
#. ###### .. ....## #.#
#....# #.# #.#..#


You could see an adder.

Vanquished Creatures
  An adder (D:2)
  An ooze (D:1)
  2 giant geckos
  2 giant cockroaches
  3 goblins
  6 hobgoblins
  2 ball pythons
  4 bats (D:1)
  A giant newt (D:1)
  7 kobolds
  6 rats
35 creatures vanquished.

Notes
Turn   | Place    | Note
--------------------------------------------------------------
     0 | Abyss:1  | Mordenkainen the Minotaur Abyssal Knight began the quest for the Orb.
     0 | Abyss:1  | Reached XP level 1. HP: 19/19 MP: 1/1
    32 | Abyss:2  | Noticed a rakshasa
    46 | Abyss:3  | Noticed a large abomination
    65 | Abyss:3  | Noticed a sun demon
    70 | D:1      | Escaped the Abyss
   151 | D:1      | Reached XP level 2. HP: 24/27 MP: 2/2
   254 | D:1      | Acquired Lugonu's first power
   371 | D:1      | Reached skill level 4 in Fighting
   460 | D:2      | Reached XP level 3. HP: 29/33 MP: 3/3
   788 | D:2      | HP: 1/33 [adder (4)]
   788 | D:2      | Slain by an adder

Vault maps used:
D:1:      minmay_arrival_arboretum_large, minmay_cut_off
D:2:      gammafunk_temple_overflow_statue, columned_hall_lemuel,
          minmay_crystal_room
Abyss:3:  hangedman_abyss_river_spirits, nicolae_abyss_rune_more_like_crabyss

Action                   || total
-------------------------++-------
Melee: Falchion          ||    78
Invok: Depart the Abyss  ||     1
